 Dungeon Crawl Stone Soup version 0.24.0-125-gc4c63601f3 (webtiles) character file.

Game seed: 9531597292835108679, levelgen mode: deterministic

95 Divind the Skirmisher (level 4, -1/40 HPs)
             Began as a Hill Orc Fighter on Feb 29, 2020.
             Slain by Grinder (6 damage)
             ... on level 3 of the Dungeon.
             The game lasted 00:03:49 (1571 turns).

Divind the Skirmisher (Hill Orc Fighter)            Turns: 1571, Time: 00:03:52

Health: -1/40      AC:  8    Str: 19    XL:     4   Next: 65%
Magic:  4/4        EV:  7    Int:  8    God:
Gold:   182        SH:  9    Dex: 10    Spells: 3/3 levels left

rFire    . . .     SeeInvis +   i - +1 hand axe (venom)
rCold    . . .     Gourm    .   c - +0 shield
rNeg     . . .     Faith    .   b - +0 scale mail
rPois    .         Spirit   .   (no helmet)
rElec    .         Reflect  .   (no cloak)
rCorr    .         Harm     .   (no gloves)
MR       .....                  p - +0 pair of boots
Stlth    ..........             (no amulet)
HPRegen  0.13/turn              q - ring of see invisible
MPRegen  0.09/turn              (no ring)

@: no status effects
A: no striking features
a: no special abilities


You were on level 3 of the Dungeon.
You were not hungry.

You visited 1 branch of the dungeon, and saw 3 of its levels.

You collected 182 gold pieces.

Inventory:

Hand Weapons
 a - a +0 long sword
 i - a +1 hand axe of venom (weapon)
Armour
 b - a +0 scale mail (worn)
 c - a +0 shield (worn)
 p - a +0 pair of boots (worn)
Jewellery
 q - a ring of see invisible (left hand)
Scrolls
 e - a scroll of identify {unknown}
 h - 2 scrolls of teleportation
 m - a scroll of immolation {unknown}
 n - a scroll of remove curse
Potions
 d - a potion of might
 g - a potion of haste {unknown}
 j - a potion of degeneration {unknown}
 k - 2 potions of lignification {unknown}
 l - a potion of invisibility {unknown}
 o - 2 potions of magic {unknown}
Comestibles
 f - 3 rations


   Skills:
 + Level 4.1 Fighting
 + Level 2.7 Long Blades
 + Level 1.8 Axes
 + Level 3.9 Armour
 + Level 0.9 Dodging
 + Level 4.0 Shields


You had 3 spell levels left.
You didn't know any spells.
Your spell library was empty.

Dungeon Overview and Level Annotations

Branches:
Dungeon (3/15)

Altars:

Annotations:
D:3 Grinder, Natasha


Message History

You resist with significant effort.
You barely miss Natasha. You hit Grinder. Natasha barely misses you.
Grinder hits you.
You writhe in agony.
Natasha claws you.
You hit Natasha.
Natasha is poisoned.
Natasha is lightly wounded.
You closely miss Grinder. Grinder gestures at you.
Pain shoots through your body!
Natasha casts a spell.
You closely miss Natasha.
Natasha is lightly wounded.
You closely miss Grinder. You block Grinder's attack.
Natasha drinks a potion.
Natasha is healed!
Natasha looks more healthy.
You hit Natasha.
Natasha is moderately wounded.
You closely miss Grinder. You block Grinder's attack. Natasha claws you.
Grinder hits you!
* * * LOW HITPOINT WARNING * * *
You writhe in agony.
You die...

...####.#....#...######
#.# . #.# #.........#
#.# ... #.........# #.#
. ..##.........# #.#
#.......$....# #.#
####.........# #.#
#.........##
##...5........
#....@.....###
......5h..>.##
#.#...(.....#
.............#
...............
......########. ###.##
..


You could see Grinder, Natasha and a white imp.

Vanquished Creatures
  Crazy Yiuf (D:2)
  An adder (D:2)
  3 worms (D:2)
  A dart slug (D:2)
  An orc (D:2)
  5 bats
  A giant cockroach (D:1)
  10 goblins
  3 hobgoblins
  3 jackals (D:2)
  4 kobolds
  A quokka (D:2)
  5 frilled lizards
  9 rats
48 creatures vanquished.

Notes
Turn   | Place    | Note
-------+----------+-------------------------------------------
     0 | D:1      | Divind the Hill Orc Fighter began the quest for the Orb.
     0 | D:1      | Reached XP level 1. HP: 19/19 MP: 1/1
    43 | D:1      | Reached XP level 2. HP: 22/27 MP: 2/2
   764 | D:2      | Reached XP level 3. HP: 27/33 MP: 3/3
  1128 | D:2      | Reached XP level 4. HP: 32/40 MP: 4/4
  1206 | D:2      | Reached skill level 1 in Axes
  1299 | D:2      | Found a runed translucent door.
  1300 | D:2      | Noticed Crazy Yiuf
  1407 | D:2      | Killed Crazy Yiuf
  1560 | D:3      | Noticed Grinder
  1562 | D:3      | Noticed Natasha
  1571 | D:3      | Slain by Grinder

Levels and vault maps discovered:
D:1:      minmay_arrival_doors, layout_basic, grunt_decor_cap,
          minmay_misc_feat_iff, minmay_indecisive_spiral
D:2:      layout_basic, first_ration, corexii_shack, uniq_crazy_yiuf_cottage
D:3:      layout_rooms, minmay_randomly_rotated_circles, uniq_sigmund,
          uniq_natasha, uniq_grinder

Skill      XL: |  1  2  3  4 |
---------------+-------------+-----
Fighting       | 4 |  4.1
Axes           | 1 |  1.8
Shields        | 4 |  4.0
Long Blades    | |  2.7
Armour         | |  3.9
Dodging        | |  0.9

Action                   |  1- 3 |  4- 6 || total
-------------------------+-------+-------++-------
Melee: Long sword        |    43 |       ||    43
       Hand axe          |    56 |    22 ||    78
  Use: Scroll            |     4 |       ||     4
       Potion            |       |     1 ||     1
  Eat: Chunk             |       |     2 ||     2
Armor: Scale mail        |    45 |     4 ||    49
Dodge: Dodged            |    33 |     5 ||    38
Block: Shield            |    52 |     8 ||    60
       Rpst.: Long sword |     3 |       ||     3
